 Dungeon Crawl Stone Soup version 0.26.1-11-gd32895ea62 (webtiles) character file.

Game seed: 15776570157678116146

3668 Almogavar the Carver (level 9, -7/72 HPs)
             Began as a Demonspawn Abyssal Knight on June 20, 2021.
             Was a High Priest of Lugonu.
             Mangled by a slime creature (15 damage)
             ... on level 8 of the Dungeon.
             The game lasted 00:22:51 (10972 turns).

Almogavar the Carver (Demonspawn Abyssal Knight)   Turns: 10972, Time: 00:22:52

Health: -7/72      AC: 11    Str: 22    XL:     9   Next: 89%
Magic:  10/10      EV: 14    Int: 14    God:    Lugonu [*****.]
Gold:   142        SH:  5    Dex: 12    Spells: 8/8 levels left

rFire    . . .     SeeInvis .   F - +4 falchion
rCold    . . .     Faith    .   (no shield)
rNeg     . . .     Spirit   .   B - +1 leather armour "Yduacim" {Will+}
rPois    .         Reflect  +   (helmet restricted)
rElec    .         Harm     .   a - +0 cloak
rCorr    .         Rampage  .   (no gloves)
Will     +....                  d - +2 pair of boots
Stlth    +++.......             g - amulet of reflection
HPRegen  0.22/turn              v - +6 ring of strength
MPRegen  0.12/turn              b - ring of stealth

@: mighty
A: horns 2, yellow scales 1, powered by pain 2
a: Renounce Religion, Depart the Abyss, Bend Space, Banish, Corrupt, Enter the
Abyss


You were on level 8 of the Dungeon.
You worshipped Lugonu.
Lugonu was extremely pleased with you.
You visited 1 branch of the dungeon, and saw 8 of its levels.
You visited the Abyss 1 time.
You also visited: Sewer and Ossuary.

You collected 317 gold pieces.
You spent 175 gold pieces at shops.

Inventory:

Hand Weapons
 l - a +0 hunting sling
 F - a +4 falchion (weapon)
Missiles
 e - 193 stones
 x - 39 sling bullets
Armour
 a - a +0 cloak (worn)
 d - a +2 pair of boots (worn)
 m - a +0 kite shield
 r - a +0 scale mail
 B - the +1 leather armour "Yduacim" (worn) {Will+}
   (You bought it in a shop on level 6 of the Dungeon)

   It affects your willpower, your defense against some magical effects.
Jewellery
 b - a ring of stealth (right hand)
 g - an amulet of reflection (around neck)
 v - a +6 ring of strength (left hand)
 w - an uncursed amulet of magic regeneration
Wands
 z - a wand of polymorph (4)
 C - a wand of random effects (27)
Scrolls
 c - 3 scrolls of remove curse
 i - 4 scrolls of enchant weapon
 o - a scroll of amnesia {unknown}
 s - a scroll of fear {unknown}
 y - 2 scrolls of random uselessness {unknown}
 A - 8 scrolls of teleportation {unknown}
 E - a scroll of vulnerability {unknown}
Potions
 f - 8 potions of heal wounds
 h - 6 potions of curing
 j - 4 potions of magic
 k - 3 potions of haste
 n - 3 potions of invisibility
 p - 4 potions of flight {unknown}
 q - 3 potions of resistance {unknown}
 t - a potion of cancellation {unknown}
 u - 3 potions of mutation {unknown}
 D - a potion of degeneration {unknown}


   Skills:
 + Level 7.3 Fighting
 + Level 8.2 Long Blades
 + Level 0.6 Slings
 + Level 4.7 Armour
 + Level 5.2 Dodging
 + Level 4.1 Stealth
 + Level 0.6 Shields
 + Level 2.6 Invocations
 + Level 1.3 Evocations


You had 8 spell levels left.
You didn't know any spells.
Your spell library contained the following spells:

 Spells                   Type           Power        Failure   Level
 Confusing Touch          Hex            0%           69%         3
 Gell's Gravitas          Tloc           0%           69%         3
 Petrify                  Tmut/Erth      0%           97%         4
 Metabolic Englaciation   Hex/Ice        0%           100%        5
 Yara's Violent Unravell  Hex/Tmut       0%           100%        5


Dungeon Overview and Level Annotations

Branches:
Dungeon (8/15)             Temple (0/1) D:6           Sewer (visited)
Ossuary (visited)
   Lair: D:8-11

Altars:
Fedhas
Hepliaklqana

Shops:
D:6 *   D:7 *   D:8 *

Annotations:
D:5 2 transporters


Innate Abilities, Weirdness & Mutations

You have a pair of horns on your head.
You are partially covered in yellow scales. (AC +2)
You sometimes gain power by taking damage.


Message History

The slime creature is lightly wounded.
The slime creature hits you!!
You focus on the pain.
You feel very mighty all of a sudden.
The slime creature hits you but does no damage.
You slash the slime creature!
The slime creature is moderately wounded.
The slime creature hits you! The slime creature hits you.
The slime creature barely misses you.
You riposte.
You barely miss the slime creature. You slash the slime creature!
The slime creature is heavily wounded.
The slime creature hits you!!
* * * LOW HITPOINT WARNING * * *
The slime creature hits you.
* * * LOW HITPOINT WARNING * * *
The slime creature misses you. The slime creature hits you!
* * * LOW HITPOINT WARNING * * *
The slime creature hits you!
You die...

### ##)..##.#####.#### ## #####
##..####....)..### ##.
....####...# ###.....รท.# ###..
....##...#.#####..#####.### #....
#................#### #..[###.##.
#...##............[.#####.....##.
...........########...###..#####.
####.........########>..#......#.
#....##...##...J@####.....####.#.
#######...######JJ....###........
# #...###......#### ##.......
######..####.# ###........
########..## ##.# ##..........
##........## ##..###..#........
#..######## ##..#....###.......
##.##########.....#### ##...#..
#.........#..###### #######


You could see 3 slime creatures.

Vanquished Creatures
  A slime creature (D:8)
  2 wraiths (Ossuary)
  A water moccasin (D:7)
  2 ice beasts
  A black bear (D:8)
  2 sky beasts
  4 ogres
  3 phantoms
  A centaur (D:8)
  3 big kobolds
  4 bullfrogs
  A water moccasin zombie (D:7)
  2 scorpions (D:6)
  6 wights
  2 howler monkeys
  6 hounds
  A jelly (D:8)
  An orc wizard (D:8)
  An iguana (D:5)
  9 worker ants
  A hound zombie (D:5)
  17 gnolls
  13 adders
  2 river rats (Sewer)
  3 shadow imps
  2 white imps
  2 ufetubi
  3 adder skeletons
  2 adder zombies
  4 worms
  2 dart slugs
  7 leopard geckos
  10 orcs
  A ball python (D:4)
  7 bats
  9 giant cockroaches
  4 goblins
  5 hobgoblins
  19 jackals
  2 quokkas
  3 frilled lizards
  2 hobgoblin skeletons (Ossuary)
  16 kobolds
  4 kobold zombies (Ossuary)
  An orc skeleton (Ossuary)
  2 orc zombies (Ossuary)
  A quokka skeleton (D:6)
  11 rats
208 creatures vanquished.

Notes
Turn   | Place    | Note
-------+----------+-------------------------------------------
     0 | Abyss:1  | Almogavar the Demonspawn Abyssal Knight began the quest for
                  | the Orb.
     0 | Abyss:1  | Reached XP level 1. HP: 18/18 MP: 2/2
    40 | Abyss:1  | Found a corrupted altar of Lugonu.
    70 | Abyss:1  | Noticed a tentacled starspawn
    75 | D:1      | Escaped the Abyss
   339 | D:1      | Gained mutation: You have a pair of small horns on your
                  | head. [demonic ancestry]
   339 | D:1      | Reached XP level 2. HP: 20/24 MP: 3/3
   504 | D:1      | Reached * piety under Lugonu
   533 | D:1      | Reached skill level 2 in Long Blades
   535 | D:1      | Reached skill level 1 in Dodging
   976 | D:2      | Gained mutation: You are partially covered in yellow
                  | scales. (AC +2) [demonic ancestry]
   976 | D:2      | Reached XP level 3. HP: 25/29 MP: 4/4
  1869 | D:2      | Gained mutation: You have a pair of horns on your head.
                  | [demonic ancestry]
  1869 | D:2      | Reached XP level 4. HP: 31/37 MP: 5/5
  2845 | D:2      | Reached skill level 3 in Long Blades
  2845 | D:2      | Reached XP level 5. HP: 19/42 MP: 6/6
  3188 | D:3      | Reached ** piety under Lugonu
  3763 | D:4      | Noticed a phantom
  3796 | D:4      | Killed a phantom
  3797 | D:4      | Reached XP level 6. HP: 25/49 MP: 7/7
  3996 | D:4      | Reached skill level 4 in Long Blades
  4983 | D:5      | Entered Level 5 of the Dungeon
  5000 | D:5      | Found a transporter.
  5422 | D:5      | Found a transporter.
  5534 | D:4      | Gained mutation: You sometimes gain a little power by
                  | taking damage. [demonic ancestry]
  5534 | D:4      | Reached XP level 7. HP: 47/55 MP: 8/8
  5881 | D:5      | Reached skill level 1 in Stealth
  5883 | D:5      | Reached skill level 5 in Long Blades
  6189 | D:5      | Found a hazy altar of Hepliaklqana.
  6300 | D:5      | Reached skill level 5 in Fighting
  6662 | D:6      | Found a glowing drain.
  6683 | Sewer    | Entered a sewer
  6745 | Sewer    | Reached *** piety under Lugonu
  6860 | Sewer    | Found a white marble altar of Elyvilon.
  7147 | D:6      | Found a blossoming altar of Fedhas.
  7172 | D:6      | Found Toprul's Assorted Antiques.
  7185 | D:6      | Bought a transparent leather armour for 175 gold pieces
  7195 | D:6      | Identified the +1 leather armour "Yduacim" {Will+} (You
                  | bought it in a shop on level 6 of the Dungeon)
  7231 | D:6      | Reached XP level 8. HP: 50/62 MP: 9/9
  7581 | D:6      | Reached skill level 6 in Long Blades
  8032 | D:6      | Found a staircase to the Ecumenical Temple.
  8364 | D:7      | Found a sand-covered staircase.
  8369 | Ossuary  | Entered an ossuary
  8476 | Ossuary  | Reached **** piety under Lugonu
  8514 | Ossuary  | Noticed a flying skull
  8549 | Ossuary  | Noticed a flying skull
  8821 | Ossuary  | Noticed a flying skull
  8823 | Ossuary  | Noticed a flying skull
  8837 | Ossuary  | Reached skill level 7 in Long Blades
  8971 | Ossuary  | Gained mutation: You sometimes gain power by taking damage.
                  | [demonic ancestry]
  8971 | Ossuary  | Reached XP level 9. HP: 33/69 MP: 10/10
  9656 | D:7      | Found Onnaz's General Store.
  9909 | D:8      | Found Nonurch's General Store.
  9993 | D:8      | Reached skill level 8 in Long Blades
 10379 | D:8      | Reached skill level 1 in Evocations
 10412 | D:8      | Reached skill level 5 in Dodging
 10650 | D:8      | Reached ***** piety under Lugonu
 10972 | D:8      | Mangled by a slime creature

Illustrated notes

Levels and vault maps discovered:
D:1:      dpeg_arrival_triangle_fractal, layout_basic,
          kennysheep_decorative_pillar
D:2:      layout_loops_corners
D:3:      layout_rooms, due_unseen_surprise
D:4:      layout_rooms
D:5:      gammafunk_steamed_eel, layout_cave_pools, basic_altar,
          corexii_leaking_fountain
D:6:      layout_gridville, fedhas_altar_2, temple_green, portal_sewer_entry_f,
          serial_shops, nicolae_shop_waterfront, serial_park_tiny_pond
D:7:      layout_basic, serial_shops, kennysheep_little_box, enter_ossuary_2
D:8:      layout_rooms, marbit_many_paths, serial_shops, nicolae_shop_stone

Skill      XL: |  1  2  3  4  5  6  7  8  9 |
---------------+----------------------------+-----
Armour         | 2 3 4 |  4.7
Long Blades    | 2 3 4 5 7 8 |  8.2
Dodging        | 1 2 3 4 5 |  5.2
Fighting       | 4 5 6 7 |  7.3
Stealth        | 1 2 4 |  4.1
Evocations     | 1 |  1.3
Slings         | |  0.6
Shields        | |  0.6
Invocations    | |  2.6

Action                   |  1- 3 |  4- 6 |  7- 9 || total
-------------------------+-------+-------+-------++-------
Melee: Falchion          |   109 |   166 |   444 ||   719
       Headbutt          |    13 |    30 |   126 ||   169
 Fire: Hunting sling     |       |     3 |       ||     3
Invok: Depart the Abyss  |     1 |       |       ||     1
Evoke: Wand              |       |       |     3 ||     3
  Use: Scroll            |     3 |     2 |     8 ||    13
       Potion            |       |       |     1 ||     1
 Stab: Sleeping          |       |       |     8 ||     8
Armor: Leather armour    |    56 |    59 |   156 ||   271
Dodge: Dodged            |    97 |   133 |   267 ||   497
Block: Other             |       |       |    23 ||    23
       Reflection        |       |       |     1 ||     1
       Rpst.: Falchion   |    38 |    48 |    84 ||   170
